 Dungeon Crawl Stone Soup version 0.29-a0-284-gf9362112df (webtiles) character file.

Game seed: 4699569608261127569

32 drugrobin the Chopper (level 2, -4/25 HPs)
             Began as a Demigod Fighter on Mar 19, 2022.
             Slain by Natasha (8 damage)
             ... on level 2 of the Dungeon.
             The game lasted 00:02:10 (1168 turns).

drugrobin the Chopper (Demigod Fighter)             Turns: 1168, Time: 00:02:11

Health: -4/25      AC:  7    Str: 17    XL:     2   Next: 96%
Magic:  4/4        EV:  8    Int: 10    God:
Gold:   99         SH:  4    Dex: 13    Spells: 1/1 levels left

rFire   . . .      SeeInvis .   a - +0 war axe
rCold   . . .      Faith    .   c - +0 buckler
rNeg    . . .      Spirit   .   b - +0 scale mail
rPois   .          Reflect  .   (no helmet)
rElec   .          Harm     .   (no cloak)
rCorr   .          Rampage  .   g - +0 pair of gloves
Will    .....                   (no boots)
Stlth   ..........              (no amulet)
HPRegen 0.08/turn               (no ring)
MPRegen 0.09/turn               (no ring)

@: slowed, very slow
A: high MP 1, forlorn, divine attributes
a: no special abilities


You were on level 2 of the Dungeon.
You visited 1 branch of the dungeon, and saw 2 of its levels.

You collected 99 gold pieces.

Inventory:

Hand Weapons
 a - a +0 war axe (weapon)
Missiles
 e - 6 poisoned darts (quivered)
Armour
 b - a +0 scale mail (worn)
 c - a +0 buckler (worn)
 g - a +0 pair of gloves (worn)
Jewellery
 f - a ring of positive energy
Scrolls
 j - a scroll of enchant weapon {unknown}
 k - a scroll of amnesia {unknown}
 l - a scroll of identify {unknown}
Potions
 d - a potion of might
 h - a potion of curing {unknown}
 i - a potion of attraction {unknown}
 m - a potion of cancellation {unknown}


   Skills:
 - Level 2.6 Fighting
 + Level 3.3 Axes
 - Level 2.6 Armour
 - Level 2.6 Shields


You had one spell level left.
You didn't know any spells.
Your spell library contained the following spells:

 Spells                   Type           Power      Damage    Failure   Level
 Animate Skeleton         Necr           0%         N/A       86%         1
 Apportation              Tloc           0%         N/A       86%         1
 Summon Small Mammal      Summ           0%         N/A       86%         1


Dungeon Overview and Level Annotations

Branches:
Dungeon (2/15)

Annotations:
D:2 Natasha


Innate Abilities, Weirdness & Mutations

You have an increased reservoir of magic. (+10% MP)
You shall have no god before yourself.
Your divine heritage dramatically boosts your attributes as you level up.


Message History

The goblin shouts!
There is a stone staircase leading up here.
You slash the goblin!
You kill the goblin!
Things that are here:
a +0 club; a +0 hunting sling; a goblin corpse
m - a cyan potion A rat comes into view.
Found 8 gold pieces.
You start waiting.
A rat is nearby!
You barely miss the rat. The rat bites you but does no damage.
You barely miss the rat. The rat closely misses you. The rat bites you.
You hit the rat.
You kill the rat!
You see here a rat corpse.
HP restored.
You now have 93 gold pieces (gained 8).
You now have 99 gold pieces (gained 6).
Natasha, Servant of Life and Death comes into view.
Natasha hisses angrily.
Natasha casts a spell at you. You resist with significant effort.
Natasha wildly gestures.
Natasha's front paws start to glow.
Natasha stares at you and mumbles some strange words.
The magic dart hits you.
Natasha mumbles some strange words.
Natasha casts a spell at you.
You feel yourself slow down. The white imp gestures at you.
The puff of frost hits you! The white imp gestures at you.
The puff of frost hits you!
* * * LOW HITPOINT WARNING * * *
Natasha barely misses you. Natasha attacks as you move away!
Natasha barely misses you.
You see here a rat corpse.
Natasha attacks as you move away! Natasha claws you!
You die...

#.... #.#..
#######.#.#
......#.#.#
........#.#
#.#<).#####
#.###.#.#.# #.#
#.....# #.#####@###
P≈♣ ##....5h.## ≈≈♣
#.###.........### ≈≈≈
#...............+
≈≈≈♣#####.........###
≈≈≈≈♣ #.........#
≈≈≈≈♣ #.........#
≈≈PP♣####.........#
≈≈≈≈♣.............#


You could see Natasha and a white imp (summoned).

Vanquished Creatures
  5 endoplasms (D:1)
  2 giant cockroaches (D:1)
  2 goblins
  A hobgoblin (D:1)
  4 jackals (D:1)
  3 ball pythons (D:1)
  3 bats (D:1)
  2 frilled lizards (D:1)
  6 kobolds (D:1)
  3 rats
31 creatures vanquished.

Notes
Turn   | Place    | Note
-------+----------+-------------------------------------------
     0 | D:1      | drugrobin the Demigod Fighter began the quest for the Orb.
     0 | D:1      | Reached XP level 1. HP: 18/18 MP: 3/3
    81 | D:1      | Reached skill level 2 in Axes
   143 | D:1      | Reached XP level 2. HP: 13/25 MP: 4/4
   545 | D:1      | Reached skill level 3 in Axes
  1139 | D:2      | Noticed Natasha
  1168 | D:2      | Slain by Natasha

Illustrated notes

Levels and vault maps discovered:
D:1:      wander_arrival_lonely_grave, layout_basic
D:2:      layout_basic, hellmonk_ecumenical_altar_arch_garden, serial_shops,
          shop, serial_bayou_ford_a, uniq_crazy_yiuf_cottage, uniq_natasha

Skill      XL: |  1  2 |
---------------+-------+-----
Axes           | 2 3 |  3.3
Fighting       | |  2.6
Armour         | |  2.6
Shields        | |  2.6

Action                   || total
-------------------------++-------
Melee: War axe           ||    89
Armor: Scale mail        ||    44
Dodge: Dodged            ||    41
Block: Buckler           ||    20

Table legend: (Time is in decaauts)
 A = Elapsed time spent in this place.
 B = Non-inter-level travel time spent in this place.
 C = Inter-level travel time spent in this place.
 D = Time resting spent in this place.
 E = Time spent auto-exploring this place.
 F = Levels seen in this place.
 G = Mean time per level.
                   A        B        C        D        E       F      G
               +--------+--------+--------+--------+--------+-----+--------+
         Total |   1208 |   1194 |     14 |    346 |    534 |   2 |  604.0 |
       Dungeon |   1208 |   1194 |     14 |    346 |    534 |   2 |  604.0 |
               +--------+--------+--------+--------+--------+-----+--------+

Top non-repeatable levels by time:
     D:1: 1081 daAuts
     D:2: 127 daAuts
